AoeStats
← ITA | Raffy

African Clearing

504314701Analyzed
4v4 RM · 28d ago on Sep 4, 2026· 63m 14s· 8 players
Game mode
Random Map
Map size
Large (8 player)
Population
200
Speed
Normal
Resources
Standard
Victory
Conquest
Starting age
Dark Age
Ending age
Imperial Age
RankedLock teamsTeams togetherTeam positionsShared explorationLock speedFull tech treeHidden civsTurbo modeCheats
Victory
Defeat
🇧🇦 Khmer · Bosnia & Herzegovina
1305
+14
🇬🇧 Cumans · United Kingdom
1266
+15
🇬🇧 Japanese · United Kingdom
1256
+16
🇨🇳 Romans · China
1247
+16
🇮🇹 Japanese · Italy
1334
-19
🇺🇸 Huns · United States
1243
-15
🇺🇸 Persians · United States
1220
-14
🇬🇧 Italians · United Kingdom
1209
-13
donte
5:37 Loom
11:52 Feudal Age
12:55 Double-Bit Axe
17:43 Wheelbarrow
17:02 Fletching
21:30 Horse Collar
25:00 Castle Age
23:31 Padded Archer Armor
24:17 Bloodlines
25:38 Bodkin Arrow
26:10 Bow Saw
26:02 Heavy Plow
26:38 Thumb Ring
26:53 Leather Archer Armor
29:26 Ballistics
29:10 Husbandry
30:24 Hand Cart
33:13 Crossbowman
40:30 Imperial Age
41:24 Bracer
42:31 Conscription
44:11 Gold Mining
44:11 Stone Mining
45:55 Siege Engineers
46:50 Chemistry
45:38 Arbalester
46:50 Ring Archer Armor
46:31 Forging
46:21 Scale Mail Armor
47:45 Elite Skirmisher
49:16 Kataparuto
49:17 Conscription
48:46 Pikeman
49:26 Squires
49:11 Gambesons
49:12 Arson
51:57 Chain Mail Armor
52:17 Iron Casting
51:47 Yasama
52:34 Guard Tower
52:31 Arrowslits
52:57 Masonry
52:43 Murder Holes
54:32 Gold Shaft Mining
53:48 Halberdier
55:00 Plate Mail Armor
55:31 Blast Furnace
58:42 Keep
57:49 Treadmill Crane
emblazon3d
3:47 Loom
14:31 Feudal Age
17:07 Wheelbarrow
20:02 Castle Age
18:18 Horse Collar
19:33 Double-Bit Axe
20:48 Gold Mining
21:12 Heavy Plow
21:41 Town Watch
22:23 Fletching
23:01 Bodkin Arrow
24:26 Bow Saw
28:30 Hand Cart
28:39 Stone Mining
30:35 Gold Shaft Mining
31:11 Scale Barding Armor
31:34 Town Patrol
32:52 Chain Barding Armor
36:02 Imperial Age
33:44 Forging
34:00 Bloodlines
35:15 Iron Casting
36:34 Padded Archer Armor
37:15 Conscription
37:31 Plate Barding Armor
37:57 Blast Furnace
38:47 Two-Man Saw
37:48 Crossbowman
38:33 Thumb Ring
39:52 Ballistics
40:34 Leather Archer Armor
42:07 Ring Archer Armor
42:54 Steppe Husbandry
42:16 Light Cavalry
49:57 Chemistry
49:08 Masonry
51:49 Guilds
51:54 Cavalier
55:08 Fervor
57:07 Crop Rotation
59:17 Scale Mail Armor
61:00 Parthian Tactics
60:21 Heavy Cavalry Archer
62:11 Chain Mail Armor
61:57 Murder Holes
63:52 Plate Mail Armor
offbyone
11:43 Feudal Age
12:07 Man-at-Arms
13:42 Arson
15:47 Double-Bit Axe
18:30 Scale Mail Armor
19:18 Loom
22:29 Horse Collar
28:23 Castle Age
30:57 Bow Saw
37:13 Bloodlines
37:12 Scale Barding Armor
38:13 Chain Barding Armor
41:17 Heavy Plow
43:29 Fletching
54:51 Wheelbarrow
55:54 Ballistics
55:38 Caravan
62:14 Chain Mail Armor
61:48 Pikeman
63:24 Husbandry
62:45 Light Cavalry
myth大帝110110110
4:06 Loom
12:00 Feudal Age
15:43 Castle Age
14:15 Double-Bit Axe
16:53 Bow Saw
35:16 Wheelbarrow
40:54 Hand Cart
41:38 Gold Mining
41:32 Horse Collar
44:58 Imperial Age
43:52 Heavy Plow
44:52 Stone Mining
45:46 Gold Shaft Mining
45:35 Forging
45:26 Scale Mail Armor
44:53 Pikeman
45:33 Squires
48:43 Conscription
48:58 Heavy Scorpion
49:54 Halberdier
51:48 Iron Casting
51:29 Chain Mail Armor
52:37 Ballistas
56:08 Chemistry
56:54 Ballistics
killerdonkeywithacapitalk
12:19 Loom
14:31 Feudal Age
17:03 Double-Bit Axe
26:25 Castle Age
31:38 Bloodlines
36:34 Double-Bit Axe
39:53 Husbandry
40:11 Forging
41:09 Scale Barding Armor
47:12 Imperial Age
45:34 Chain Barding Armor
48:29 Plate Barding Armor
47:25 Cavalier
51:46 Paladin
57:45 Iron Casting
61:07 Horse Collar
[Kpell] AdrianLeverkuhn
5:13 Loom
13:04 Feudal Age
13:17 Man-at-Arms
14:18 Double-Bit Axe
25:45 Bloodlines
Soul Ledger
3:41 Loom
14:42 Feudal Age
19:06 Castle Age
17:35 Double-Bit Axe
18:12 Fishing Lines
20:54 Gillnets
22:12 Bow Saw
30:22 Imperial Age
28:13 Fletching
28:19 Treadmill Crane
29:09 Bodkin Arrow
30:12 Gold Mining
32:03 Chemistry
31:25 Ballistics
31:52 Conscription
32:16 Bracer
34:22 Padded Archer Armor
41:31 Elite Genoese Crossbowman
49:53 Bloodlines
49:44 Husbandry
49:04 Light Cavalry
51:51 Leather Archer Armor
53:00 Silk Road
54:06 Hussar
ITA | Raffy
3:33 Loom
13:20 Feudal Age
15:47 Double-Bit Axe
16:23 Fletching
20:46 Castle Age
20:59 Stone Mining
21:28 Bodkin Arrow
23:10 Murder Holes
24:34 Guard Tower
29:00 Ballistics
41:58 Horse Collar
42:41 Yasama
48:11 Imperial Age
47:01 Bow Saw
48:05 Gold Mining
48:55 Wheelbarrow
49:28 Keep
54:11 Heavy Plow
54:29 Hand Cart
56:47 Gold Shaft Mining
57:15 Bracer
57:47 Padded Archer Armor
57:49 Scale Mail Armor
57:59 Forging
58:32 Onager
60:51 Conscription
62:16 Chain Mail Armor
62:37 Iron Casting
62:41 Hoardings
63:46 Plate Mail Armor
Connection lost

Rejoining the realm…

Still unreachable

The connection could not be restored.

Session expired

The server has moved on; the page needs a fresh start.